Map: Inferno Pools (Void)

Players

Javert - Winner!

  • Race: Zerg Zerg
  • League: Grandmaster

Hindenzerg

  • Race: Zerg Zerg
  • League: Grandmaster

VOD

Have the link to the VOD?

Description

Time

  • Played on: June 13, 2015, 10:48 p.m.
  • Length: 7:55
Show
View Real Time Build Order
Export as new Build Order

Javert Zerg - Winner!

Build Orders: Hatch First 

Get SALT Encoding   

  12  0:01  Drone  
  13  0:13  Overlord  
  13  0:23  Drone  
  14  0:32  Drone x2  
  16  0:51  Hatchery  
  16  0:56  Drone  
  16  0:58  Extractor  
  15  1:13  Spawning Pool  
  15  1:14  Drone  
  15  1:18  Drone  
  16  1:22  Drone  
  17  1:29  Drone  
  18  1:37  Drone  
  19  1:47  Overlord  
  19  1:59  Metabolic Boost  
  19  2:01  Queen  
  19  2:06  Queen  
  23  2:12  Drone  
  24  2:17  Zergling x4  
  26  2:24  Zergling x4  
  28  2:41  Drone x4  
  32  2:50  Drone  
  33  2:54  Zergling x2  
  33  2:57  Overlord  
  34  3:07  Drone  
  35  3:15  Drone  
  35  3:16  Overlord  
  36  3:32  Zergling x16  
  43  3:41  Overlord  
  40  3:49  Zergling x10  
  44  3:56  Drone  
  45  4:05  Drone  
  45  4:06  Drone  
  47  4:11  Drone  
  47  4:12  Baneling Nest  
  47  4:24  Hatchery  
  44  4:31  Drone  
  44  4:32  Drone x7  
  52  4:41  Drone x2  
  52  4:43  Lair  
  54  4:48  Overlord  
  54  4:50  Extractor  
  54  4:52  Extractor  
  52  4:56  Extractor  
  52  4:59  Overlord x2  
  51  5:00  Drone x3  
  53  5:13  Drone x2  
  49  5:30  Drone x9  
  56  5:42  Spire  
  55  5:56  Drone  
  59  5:57  Drone x5  
  61  6:06  Queen  
  63  6:13  Zergling x24  
  75  6:22  Evolution Chamber  
  75  6:24  Evolution Chamber  
  73  6:27  Drone x3, Extractor  
  73  6:29  Extractor  
  73  6:41  Overlord x2  
  73  6:56  Mutalisk x6  
  73  6:57  Mutalisk x2  
  73  6:59  Overlord x2  
  89  7:07  Mutalisk x3  
  95  7:20  Mutalisk x4  
Show
View Real Time Build Order
Export as new Build Order

Hindenzerg Zerg 

Build Orders: Hatch First 

Get SALT Encoding   

  12  0:00  Drone  
  13  0:10  Drone  
  14  0:35  Hatchery  
  13  0:38  Drone  
  14  0:45  Overlord  
  14  1:01  Spawning Pool  
  13  1:05  Drone  
  13  1:09  Extractor  
  14  1:13  Drone  
  14  1:15  Drone  
  14  1:18  Drone  
  17  1:26  Drone  
  18  1:38  Overlord  
  18  1:46  Drone  
  19  1:48  Drone  
  19  1:50  Queen  
  22  1:58  Queen  
  24  2:02  Drone  
  24  2:04  Drone  
  26  2:11  Drone x2  
  28  2:19  Drone  
  29  2:26  Overlord  
  29  2:33  Queen  
  29  2:36  Drone x2  
  33  2:39  Extractor  
  33  2:42  Extractor  
  31  2:44  Roach Warren  
  31  2:45  Drone x2  
  32  2:52  Drone  
  33  3:04  Drone x6  
  39  3:14  Drone x5  
  42  3:29  Zergling x2  
  42  3:30  Zergling x2  
  44  3:34  Spine Crawler  
  44  3:38  Spine Crawler  
  42  3:45  Zergling x4  
  42  3:57  Roach  
  42  3:58  Overlord x2  
  42  3:59  Overlord  
  44  4:08  Spine Crawler  
  44  4:09  Queen  
  43  4:10  Spine Crawler  
  38  4:48  Roach  
  38  4:49  Roach x9  
  56  5:01  Roach  
  56  5:02  Roach  
  60  5:08  Hatchery  
  59  5:18  Roach x4  
  59  5:20  Overlord  
  61  5:45  Overlord  
  61  5:46  Overlord x2  
  61  5:59  Hatchery  
  60  6:10  Roach x2  
  60  6:11  Roach x4  
  72  6:33  Extractor  
  72  6:34  Extractor  
  70  6:42  Drone  
  70  6:43  Drone x5  
  76  6:56  Spawning Pool  
  73  7:25  Hatchery  
Tags
 
Add a new tag
Caveats
  • Supply blocks, unpowered buildings, or Contaminate may cause inaccurate times.
  • Supply counts are checked every 10 seconds.